 Dungeon Crawl Stone Soup version 0.30-a0-311-gf115ab0292 (webtiles) character file.

Game seed: 15720143301339423388

55 Lanoc the Covered (level 4, 0/40 HPs)
             Began as a Meteoran Fighter on Oct 25, 2022.
             Slain by an orc
             ... wielding a +0 hand axe
              (3 damage)
             ... on level 3 of the Dungeon.
             The game lasted 00:03:24 (598 turns).

Lanoc the Covered (Meteoran Fighter)                 Turns: 598, Time: 00:03:24

Health: 0/40       AC:  7    Str: 17    XL:     4   Next: 36%
Magic:  5/5        EV:  9    Int: 10    God:
Gold:   11         SH:  5    Dex: 15    Spells: 3/3 levels left

rFire   . . .      SeeInvis .    a - +0 flail
rCold   . . .      Faith    .    c - +0 buckler
rNeg    . . .      Spirit   .    b - +0 scale mail
rPois   .          Reflect  .    (no helmet)
rElec   .          Harm     .    (no cloak)
rCorr   .          Rampage  .    (no gloves)
Will    .....                    (no boots)
Stlth   ..........               (no amulet)
HPRegen 0.26/turn                (no ring)
MPRegen 0.09/turn                (no ring)

@: glowing
A: sense surroundings 1, otherworldly, glowing, explore regen
a: no special abilities


You were on level 3 of the Dungeon.
You visited 1 branch of the dungeon, and saw 3 of its levels.

You collected 11 gold pieces.

Inventory:

Hand Weapons
 a - a +0 flail (weapon)
Armour
 b - a +0 scale mail (worn)
 c - a +0 buckler (worn)
Scrolls
 f - a scroll of fear {unknown}
 i - a scroll of immolation {unknown}
Potions
 d - a potion of might
 e - a potion of curing {unknown}
 g - a potion of attraction {unknown}
 h - a potion of mutation {unknown}


   Skills:
 + Level 3.6 Fighting
 * Level 3.8 Maces & Flails
 + Level 4.1 Armour
 + Level 1.3 Dodging
 + Level 4.0 Shields


You had 3 spell levels left.
You didn't know any spells.
Your spell library contained the following spells:

 Spells                   Type           Power      Damage    Failure   Level
 Magic Dart               Conj           0%         1d3       85%         1
 Searing Ray              Conj           0%         2d4       94%         2
 Fulminant Prism          Conj/Hex       0%         3d6       100%        4


Dungeon Overview and Level Annotations

Branches:
Dungeon (3/15) Zot: 1168

Altars:


Innate Abilities, Weirdness & Mutations

You passively map a small area around you.
You are easily found by Zot.
You glow in the dark.
You regain HP and MP as you explore.


Message History

You barely miss the orc.
The orc is severely wounded.
You block the orc's attack.
You hit the orc.
The orc is almost dead.
The orc hits you with a +0 flail.
You hit the orc.
You kill the orc!
The orc closely misses you.
Your Shields skill increases to level 4!
You barely miss the orc.
The gnoll hits you from afar with a +0 halberd!
* * * LOW HITPOINT WARNING * * *
The orc closely misses you.
You completely miss the orc. You sock the orc!
You kill the orc!
The orc barely misses you.
You hit the orc but do no damage. The orc hits you with a +0 hand axe.
* * * LOW HITPOINT WARNING * * *
You barely miss the orc. The orc hits you but does no damage.
The orc barely misses you.
You closely miss the orc. You block the orc's attack.
You barely miss the orc. The orc hits you with a +0 hand axe.
* * * LOW HITPOINT WARNING * * *
You see here a +0 spear.
The orc attacks as you move away! You block the orc's attack.
You barely miss the orc. The orc hits you but does no damage.
The orc hits you with a +0 hand axe.
* * * LOW HITPOINT WARNING * * *
You closely miss the orc. The kobold barely misses you.
The gnoll hits you but does no damage. The orc hits you but does no damage.
The orc attacks as you move away! The orc hits you with a +0 hand axe.
* * * LOW HITPOINT WARNING * * *
The kobold attacks as you move away! The kobold hits you with a +0 dagger.
* * * LOW HITPOINT WARNING * * *
The kobold attacks as you move away! The kobold hits you but does no damage.
The orc attacks as you move away! The orc hits you but does no damage.
The orc attacks as you move away! The orc hits you with a +0 hand axe.
You die...

####### #......
#......
#......####
#.......<.######
*
#...............
,,
#......>...#####*
* #......@..[# *
#######Ko..#####
#g.......# *
#o.g.###....., *
#......###### *
#....#..$####*
#..).#......##
#.)..#...#.... ,
###.##........ ,


You could see 2 gnolls, 2 orcs and a kobold.

Vanquished Creatures
  An adder (D:2)
  A gnoll (D:3)
  A worm (D:2)
  A dart slug (D:2)
  2 orcs (D:3)
  5 endoplasms
  A giant cockroach (D:2)
  2 goblins
  A hobgoblin (D:3)
  2 jackals (D:2)
  3 kobolds (D:1)
  2 ball pythons
  3 bats
  A frilled lizard (D:1)
  2 rats
28 creatures vanquished.

Vanquished Creatures (others)
  A plant (D:1)
1 creature vanquished.

Grand Total: 29 creatures vanquished

Notes
Turn   | Place    | Note
-------+----------+-------------------------------------------
     0 | D:1      | Lanoc the Meteoran Fighter began the quest for the Orb.
     0 | D:1      | Reached XP level 1. HP: 19/19 MP: 2/2
   146 | D:1      | Reached XP level 2. HP: 19/26 MP: 3/3
   388 | D:2      | Reached XP level 3. HP: 29/31 MP: 4/4
   459 | D:2      | Reached skill level 1 in Dodging
   543 | D:3      | Identified the +0 leather armour "Ahekk" {Int+4}
   557 | D:3      | Reached XP level 4. HP: 34/39 MP: 5/5
   595 | D:3      | HP: 2/40 [orc/+0 hand axe (1)]
   598 | D:3      | Slain by an orc

Illustrated notes

Levels and vault maps discovered:
D:1:      matt_arrival_refuge, layout_loops_cross, chequers_big_river,
          minmay_unequal
D:2:      layout_basic, basic_ecumenical_altar, uniq_jessica, uniq_terence
D:3:      layout_rooms, nzn_wu_jian_council_hall, kennysheep_crisscross

Skill      XL: |  1  2  3  4 |
---------------+-------------+-----
Maces & Flails | 3 |  3.8
Armour         | 4 |  4.1
Dodging        | 1 |  1.3
Shields        | 4 |  4.0
Fighting       | |  3.6

Action                   |  1- 3 |  4- 6 || total
-------------------------+-------+-------++-------
Melee: Flail             |    82 |    19 ||   101
Armor: Scale mail        |    71 |    18 ||    89
Dodge: Dodged            |    48 |     7 ||    55
Block: Buckler           |    26 |     8 ||    34

Table legend: (Time is in decaauts)
 A = Elapsed time spent in this place.
 B = Non-inter-level travel time spent in this place.
 C = Inter-level travel time spent in this place.
 D = Time resting spent in this place.
 E = Time spent auto-exploring this place.
 F = Levels seen in this place.
 G = Mean time per level.
                   A        B        C        D        E       F      G
               +--------+--------+--------+--------+--------+-----+--------+
         Total |    631 |    452 |    179 |      0 |    175 |   3 |  210.3 |
       Dungeon |    631 |    452 |    179 |      0 |    175 |   3 |  210.3 |
               +--------+--------+--------+--------+--------+-----+--------+

Top non-repeatable levels by time:
     D:1: 381 daAuts
     D:2: 183 daAuts
     D:3: 66 daAuts
